 Dungeon Crawl Stone Soup version 0.21-a0-329-g12f17e1 (webtiles) character file.

597 vishdafish the Poker (level 7, 0/50 HPs)
             Began as a Demonspawn Skald on Oct 1, 2017.
             Was a Follower of Nemelex Xobeh.
             Slain by a sky beast (5 damage)
             ... on level 6 of the Dungeon.
             The game lasted 00:07:06 (3996 turns).

vishdafish the Poker (Demonspawn Skald)             Turns: 3996, Time: 00:07:07

Health: 0/50       AC:  7    Str: 11    XL:     7   Next: 17%
Magic:  9/10       EV: 13    Int: 17    God:    Nemelex Xobeh [*.....]
Gold:   116        SH:  4    Dex: 12    Spells: 9/10 levels left

rFire    . . .     SeeInvis .   a - +0 spear
rCold    + . .     Gourm    .   (no shield)
rNeg     . . .     Faith    .   b - +0 leather armour
rPois    .         Spirit   .   (helmet restricted)
rElec    .         Reflect  +   v - +0 cloak
rCorr    .         Harm     .   o - +0 pair of gloves (curse)
MR       .....                  (no boots)
Stlth    ++........             e - +4 amulet of reflection
HPRegen  0.16/turn              q - ring of stealth
MPRegen  0.12/turn              (no ring)

@: no status effects
A: horns 2, iridescent scales 1, cold resistance 1
a: Renounce Religion


You were on level 6 of the Dungeon.
You worshipped Nemelex Xobeh.
Nemelex Xobeh was aware of your devotion.
You were not hungry.

You visited 1 branch of the dungeon, and saw 6 of its levels.

You collected 116 gold pieces.

Inventory:

Hand Weapons
 a - a +0 spear (weapon)
Armour
 b - a +0 leather armour (worn)
 o - a cursed +0 pair of gloves (worn)
 v - a +0 cloak (worn)
Jewellery
 e - a +4 amulet of reflection (around neck)
 p - an uncursed amulet of guardian spirit
 q - a ring of stealth (left hand)
Scrolls
 g - a scroll of amnesia {unknown}
 i - a scroll of remove curse {unknown}
 k - a scroll of fog {unknown}
 n - 3 scrolls of identify {unknown}
 r - a scroll of teleportation {unknown}
 s - a scroll of immolation {unknown}
 y - a scroll of fear {unknown}
Potions
 f - 2 potions of flight {unknown}
 h - a potion of lignification {unknown}
 j - 2 potions of degeneration {unknown}
 l - a potion of haste {unknown}
 m - a potion of ambrosia {unknown}
 w - a potion of agility
 x - a potion of heal wounds
Books
 c - a book of Battle

   Spells                             Type                      Level
   a - Infusion                       Charms                       1
   b - Shroud of Golubria             Charms/Translocation         2
   c - Song of Slaying                Charms                       2
   d - Spectral Weapon                Hexes/Charms                 3
   e - Regeneration                   Charms/Necromancy            3
Miscellaneous
 u - a plain deck of summoning
Comestibles
 d - a bread ration
 t - a meat ration


   Skills:
 - Level 2.0 Fighting
 + Level 4.1 Polearms
 - Level 3.3 Armour
 + Level 4.0 Dodging
 - Level 2.0 Spellcasting
 - Level 3.0 Charms
 * Level 3.9 Invocations


You had 9 spell levels left.
You knew the following spells:

 Your Spells              Type           Power        Failure   Level  Hunger
a - Infusion              Chrm           ##..         7%          1    #......


Dungeon Overview and Level Annotations

Branches:
Dungeon (6/15)             Temple (0/1) D:5

Altars:
Ashenzari
Dithmenos
Gozag
Hepliaklqana
Kikubaaqudgha
Nemelex Xobeh
Okawaru
Trog
Vehumet
Wu Jian
Yredelemnul

Annotations:
D:3 2 transporters, Ijyb, Menkaure
D:4 Sigmund
D:5 Prince Ribbit


Innate Abilities, Weirdness & Mutations

You have a pair of horns on your head.
You are partially covered in iridescent scales. (AC +2)
Your flesh is cold resistant. (rC+)


Message History

Something hits you but does no damage.
You miss something. Something hits you but does no damage.
You miss something. Something hits you. Something shocks you.
You closely miss something. You headbutt something. Something hits you.
Something shocks you.
* * * LOW HITPOINT WARNING * * *
You barely miss something. You block something's attack.
You miss something. Something completely misses you.
You closely miss something. Your headbutt misses something.
Okay, then.
You eat one of the 2 bread rations.
That bread ration really hit the spot!
Something hits you.
* * * LOW HITPOINT WARNING * * *
Something shocks you.
* * * LOW HITPOINT WARNING * * *
You barely miss something. You headbutt something. Something hits you.
* * * LOW HITPOINT WARNING * * *
Something shocks you.
You die...
Your body disappears without a glow.

$ #)...# ..#....# .
#$#....# ..
#.#....#...
#.#......
#......#..
#.{...#.. #.@# #.#
##.# #.# #.# #.#
#.## #.#
#####..###.#######
?..................
#######..##.######
##.##.# #.##.#


There were no monsters in sight!

Vanquished Creatures
  A human (D:5)
  The ghost of vishdafish the Magician, an amateur DsSk (D:3)
  A phantom (D:6)
  Crazy Yiuf (D:3)
  An orc priest (D:3)
  Terence (D:2)
  An orc wizard (D:3)
  A worker ant (D:4)
  An adder (D:3)
  2 oozes
  2 worms (D:2)
  11 orcs
  9 bats
  4 giant cockroaches
  11 goblins
  6 hobgoblins
  4 jackals (D:2)
  A quokka (D:2)
  3 ball pythons
  6 frilled lizards
  12 kobolds
  A kobold zombie (D:5)
  A leopard gecko skeleton (D:6)
  6 rats
88 creatures vanquished.

Notes
Turn   | Place    | Note
-------+----------+-------------------------------------------
     0 | D:1      | vishdafish the Demonspawn Skald began the quest for the Orb.
     0 | D:1      | Reached XP level 1. HP: 16/16 MP: 3/3
   124 | D:1      | Reached skill level 1 in Armour
   143 | D:1      | Gained mutation: You have a pair of small horns on your head. [demonic ancestry]
   143 | D:1      | Reached XP level 2. HP: 20/22 MP: 1/5
   891 | D:2      | Gained mutation: You are partially covered in iridescent scales. (AC +2) [demonic ancestry]
   891 | D:2      | Reached XP level 3. HP: 24/27 MP: 6/6
  1054 | D:2      | Noticed Terence
  1070 | D:2      | Killed Terence
  1202 | D:2      | Reached XP level 4. HP: 28/33 MP: 3/7
  1655 | D:3      | Noticed Ijyb
  1991 | D:3      | Noticed vishdafish's ghost (amateur DsSk)
  2001 | D:3      | Killed vishdafish's ghost
  2001 | D:3      | Reached XP level 5. HP: 26/38 MP: 2/8
  2102 | D:3      | Found an ancient bone altar of Kikubaaqudgha.
  2104 | D:3      | Noticed Menkaure
  2106 | D:3      | Found a transporter.
  2132 | D:3      | Found a transporter.
  2132 | D:3      | Found a basalt altar of Yredelemnul.
  2138 | D:3      | Found a radiant altar of Vehumet.
  2205 | D:3      | Gained mutation: You have a pair of horns on your head. [demonic ancestry]
  2205 | D:3      | Reached XP level 6. HP: 41/44 MP: 9/9
  2369 | D:3      | Found a sparkling altar of Nemelex Xobeh.
  2383 | D:3      | Found a bloodstained altar of Trog.
  2383 | D:3      | Found an ornate altar of the Wu Jian Council.
  2383 | D:3      | Found an opulent altar of Gozag.
  2384 | D:3      | Found an iron altar of Okawaru.
  2387 | D:3      | Became a worshipper of Nemelex Xobeh the Trickster
  2390 | D:3      | Found a shattered altar of Ashenzari.
  2392 | D:3      | Found a shadowy altar of Dithmenos.
  2393 | D:3      | Found a hazy altar of Hepliaklqana.
  2415 | D:3      | Received a gift from Nemelex Xobeh
  2540 | D:3      | Found a runed door.
  2785 | D:3      | Noticed Crazy Yiuf
  2796 | D:3      | Killed Crazy Yiuf
  2796 | D:3      | Reached skill level 1 in Invocations
  3002 | D:4      | Noticed Sigmund
  3022 | D:5      | Entered Level 5 of the Dungeon
  3532 | D:5      | Found a staircase to the Ecumenical Temple.
  3585 | D:5      | Found a runed door.
  3585 | D:5      | Noticed a human
  3594 | D:5      | Found a basalt altar of Yredelemnul.
  3595 | D:5      | Reached * piety under Nemelex Xobeh
  3630 | D:5      | Killed a human
  3688 | D:5      | Noticed Prince Ribbit
  3981 | D:6      | Noticed a sky beast
  3983 | D:6      | Gained mutation: Your flesh is cold resistant. (rC+) [demonic ancestry]
  3983 | D:6      | Reached XP level 7. HP: 29/50 MP: 7/10
  3996 | D:6      | Slain by a sky beast

Vault maps used:
D:1:      dpeg_arrival_circle_labyrinth_a, minmay_misc_feat_rows,
          minmay_misc_feat_cross
D:2:      first_bread, minmay_goblin_kobold_house, uniq_terence
D:3:      gammafunk_temple_of_torment, minitemple, uniq_ijyb,
          uniq_crazy_yiuf_cottage
D:4:      uniq_sigmund
D:5:      grunt_temple_overflow_order_and_chaos_1, nicolae_tso_carved_into_rock,
          minmay_temple_entry_enclosed_plants, minmay_misc_feat_tiny,
          dk_yredelemnul_ordeal, uniq_prince_ribbit1, uniq_edmund
D:6:      nicolae_ru_sacrificial_ziggurat

Skill      XL: |  1  2  3  4  5  6 |
---------------+-------------------+-----
Armour         | 1 2 3 |  3.3
Dodging        | 2 3 4 |  4.0
Polearms       | 2 3 4 |  4.1
Charms         | 3 |  3.0
Invocations    | 3 |  3.9
Fighting       | |  2.0
Spellcasting   | |  2.0

Action                   |  1- 3 |  4- 6 |  7- 9 || total
-------------------------+-------+-------+-------++-------
Melee: Spear             |   106 |   287 |    11 ||   404
       Headbutt          |     8 |    34 |     2 ||    44
       Unarmed           |       |     5 |       ||     5
 Cast: Infusion          |     5 |    12 |       ||    17
  Use: Potion            |       |     1 |       ||     1
 Stab: Sleeping          |       |    16 |       ||    16
  Eat: Chunk             |     1 |     1 |       ||     2
       Bread ration      |       |     1 |     1 ||     2
       Royal jelly       |       |     1 |       ||     1
Armor: Leather armour    |    29 |    63 |     3 ||    95
Dodge: Dodged            |    52 |   119 |     1 ||   172
Block: Other             |       |     2 |     1 ||     3

Table legend:
 A = Spawn XP
 B = Non-spawn XP
 C = Spawn XP percentage of total XP
 D = Spawn monster count
 E = Non-spawn monster count
 F = Spawn count percentage of total count
 G = Total turns spent on level
                    A         B        C        D         E        F      G
               +---------+---------+-------+---------+---------+-------+---------
         Total |       0 |     853 |   0.0 |       0 |      88 |   0.0 |  3996
               +---------+---------+-------+---------+---------+-------+---------
           D:1 |       0 |      30 |   0.0 |       0 |      20 |   0.0 |   820
           D:2 |       0 |      89 |   0.0 |       0 |      27 |   0.0 |   793
           D:3 |       0 |     354 |   0.0 |       0 |      28 |   0.0 |  1060
           D:4 |       0 |      52 |   0.0 |       0 |       8 |   0.0 |   364
           D:5 |       0 |     201 |   0.0 |       0 |       2 |   0.0 |   664
           D:6 |       0 |     127 |   0.0 |       0 |       3 |   0.0 |   295
               +---------+---------+-------+---------+---------+-------+---------
